cohdb
Replays
Latest Replays
All Replays
Popular Replays
Top Player Replays
Match Explorer
How It Works
Community
CoH3 Stats
Reddit
Sign in to upload your games and track your stats! →
Sign in with Steam
Match 32687322
Unlisted
Match 32687322
Overview
Messages
Build Orders
End
Construct Barracks
Riflemen Squad
Riflemen Squad
Riflemen Squad
Grenade Package
Selects Advanced Infantry Battlegroup
Infantry Support Center
Selects Convert to Ranger Squad
Convert to Ranger Squad
Riflemen Squad
Advanced Logistics
Selects Frontline Medical Station
Frontline Medical Station
Munitions Surplus
Survival Training
Convert to Ranger Squad
Convert to Ranger Squad
Selects Ranger Weapon Training
Bruistablet
Professor gibberish
Pino
Leichenwagen
0
0
Comments
sign in to comment!
No comments posted yet!